 Dungeon Crawl Stone Soup version 0.31-a0-609-g7bf6ffcfed (webtiles) character file.

Game seed: 18018332589511676986

9398 Dittersdorf the Protected (level 11, -15/72 HPs)
             Began as a Gargoyle Fighter on Aug 21, 2023.
             Was a High Priest of the Shining One.
             Demolished by Urug
             ... wielding a +1 scimitar of distortion
              (18 damage)
             ... on level 1 of the Lair of Beasts.
             The game lasted 00:15:49 (11818 turns).

Dittersdorf the Protected (Gargoyle Fighter)       Turns: 11818, Time: 00:15:49

Health: -15/72     AC: 31    Str: 24    XL:     11   Next: 45%
Magic:  2/11       EV: 14    Int:  9    God:    the Shining One [*****.]
Gold:   1500       SH: 12    Dex:  9    Spells: 10/10 levels left

rFire   + . .        E - +4 morningstar (heavy)
rCold   + . .        c - +0 buckler
rNeg    + + +        w - +7 Kryia's mail coat {PotionHeal*2 rC+}
rPois   ∞            b - +0 helmet
rElec   +            s - +0 cloak
rCorr   .            C - +0 pair of gloves
SInv    .            r - +2 pair of boots
Will    .....        (no amulet) Stlth
                     m - +5 ring of evasion
HPRegen 0.32/turn    a - ring of protection from fire
MPRegen 0.12/turn

%: no passive effects
@: divinely shielded, glowing
A: sickness immunity, AC +8, negative energy resistance 1, electricity
resistance, torment resistance 1, petrification resistance
a: Renounce Religion, Divine Shield, Cleansing Flame, Summon Divine Warrior


You were on level 1 of the Lair of Beasts.
You worshipped the Shining One.
The Shining One was extremely pleased with you.
You visited 3 branches of the dungeon, and saw 12 of its levels.
You also visited: Ossuary.

You collected 1762 gold pieces.
You spent 262 gold pieces at shops.

Inventory:

Hand Weapons
 E - a +4 heavy morningstar (weapon)
Missiles
 p - 3 throwing nets
 q - 4 poisoned darts (quivered)
Armour
 b - a +0 helmet (worn)
 c - a +0 buckler (worn)
 r - a +2 pair of boots (worn)
 s - a +0 cloak (worn)
 w - the +7 Kryia's mail coat (worn) {PotionHeal*2 rC+}
   (You found it on level 1 of the Lair of Beasts)

   PotionHeal*2: Potions heal its wearer twice as much.
   rC+:       It protects you from cold.
 C - a +0 pair of gloves (worn)
Jewellery
 a - a ring of protection from fire (right hand)
 m - a +5 ring of evasion (left hand)
Wands
 e - a wand of flame (8)
Scrolls
 f - 2 scrolls of teleportation
 h - a scroll of blinking
 j - 2 scrolls of enchant weapon
 k - 3 scrolls of revelation
 l - a scroll of butterflies
 n - a scroll of fear
 t - 2 scrolls of enchant armour
 u - a scroll of identify
 y - a scroll of immolation
Potions
 d - a potion of might
 g - a potion of mutation
 i - 2 potions of curing
 o - a potion of brilliance
 z - a potion of resistance
 A - 2 potions of heal wounds
 B - 2 potions of haste


   Skills:
 + Level 10.2 Fighting
 + Level 9.1 Maces & Flails
 + Level 10.3 Armour
 + Level 10.3 Shields


You had 10 spell levels left.
You didn't know any spells.
Your spell library contained the following spells:

 Spells                   Type           Power      Damage    Failure   Level
 Magic Dart               Conj           0%         1d3       67%         1
 Call Imp                 Summ           0%         N/A       82%         2
 Dazzling Flash           Conj/Hex       0%         N/A       96%         3
 Mephitic Cloud           Conj/Pois/Air  0%         N/A       96%         3
 Ozocubu's Armour         Ice            0%         N/A       96%         3
 Volatile Blastmotes      Fire/Tloc      0%         2d10      96%         3
 Fireball                 Conj/Fire      0%         3d3       100%        5
 Iskenderun's Battlesphe  Conj           0%         2d6       100%        5
 Conjure Ball Lightning   Conj/Air       0%         3x3d6     100%        6
 Starburst                Conj/Fire      0%         6d3       100%        6
 Orb of Destruction       Conj           0%         9d5       100%        7
 Ozocubu's Refrigeration  Ice            0%         4d7       100%        7
 Maxwell's Capacitive Co  Air            0%         ∞         100%        8


Dungeon Overview and Level Annotations

Branches:
Dungeon (10/15)            Temple (1/1) D:5            Lair (1/5) D:10
    Orc (0/2) D:9         Ossuary (visited)

Altars:
Ashenzari
Cheibriados
Dithmenos
Elyvilon
Fedhas
Gozag
Hepliaklqana
Kikubaaqudgha
Makhleb
Nemelex Xobeh
Okawaru
Qazlal
Ru
Sif Muna
Trog
Uskayaw
Vehumet
Wu Jian
Xom
Yredelemnul
Zin
The Shining One

Shops:
D:6 :   D:8 *   D:9 *=*[:

Annotations:
D:5 2 runed translucent doors, bmack86's ghost, novice MiFi
Lair:1 Urug


Innate Abilities, Weirdness & Mutations

You are immune to sickness and miasma.
Your stone body is resilient. (AC +8)
You are immune to poison.
You resist negative energy. (rN+)
You are resistant to electric shocks. (rElec)
You are resistant to unholy torment.
You are immune to petrification.


Message History

Throw: 6 darts (poison)
Press: ? - help, Q - select action, (/) - cycle Shift-Dir - straight line, f/p - Urug
Aim: Urug, wielding a +1 scimitar of distortion, wearing a +0 chain mail, quivering silver javelins and carrying a wand of paralysis (moderately wounded, very poisoned, haloed, 73% to hit)
You throw a poisoned dart. The poisoned dart hits Urug.
Urug is moderately wounded.
You block Urug's attack.
Throw: 5 darts (poison)
Press: ? - help, Q - select action, (/) - cycle Shift-Dir - straight line, f/p - Urug
Aim: Urug, wielding a +1 scimitar of distortion, wearing a +0 chain mail, quivering silver javelins and carrying a wand of paralysis (moderately wounded, very poisoned, haloed, 73% to hit)
You throw a poisoned dart. The poisoned dart hits Urug.
Urug looks even sicker.
Urug is moderately wounded.
You block Urug's attack.
Your divine shield is renewed.
Urug screams, "I'm goin' to kill you!
Now!"
Urug zaps a wand.
You easily resist.
You barely miss Urug.
Urug is moderately wounded.
Urug barely misses you.
Urug hits you with a +1 scimitar of distortion!
Space warps horribly around you!
* * * LOW HITPOINT WARNING * * *
You puncture Urug!
Urug is heavily wounded.
Urug hits you with a +1 scimitar of distortion!
* * * LOW HITPOINT WARNING * * *
You hit Urug but do no damage.
Urug is heavily wounded.
Urug completely misses you. You block Urug's attack.
You impale Urug!!
Urug is severely wounded.
You block Urug's attack. Urug hits you but does no damage.
Space warps around you.
* * * LOW HITPOINT WARNING * * *
You barely miss Urug.
Urug is severely wounded.
Urug hits you with a +1 scimitar of distortion.
* * * LOW HITPOINT WARNING * * *
Space warps horribly around you!!
You die...
Urug says, "One more harpy dead."

.# .## ..#####
....... .......
##.......
##........
########...####..
#..@ol.(..##
#...###.(....#
#.# #((....... ..
###(###..#### .
##.....####
##.......## #.
#..#.##...##
#.##......#...#
#............#


You could see Urug (poisoned) and a komodo dragon.

Vanquished Creatures
  A catoblepas (D:9)
  Erica (D:8)
  A cane toad (Lair:1)
  Jeremiah (D:8)
  Maggie (D:7)
  An unseen horror zombie (D:9)
  A komodo dragon (Lair:1)
  An unseen horror (D:10)
  A hornet (D:9)
  A shadow (D:10)
  A vampire (D:10)
  8 yaks
  Grum (D:8)
  3 acid dragons
  5 water moccasins
  An orc warrior (D:8)
  3 ice beasts
  2 sky beasts
  A black bear (D:6)
  2 wolves (D:8)
  An ogre (D:6)
  4 centaurs
  A phantom (D:5)
  A kobold brigand (D:6)
  7 bullfrogs
  A gnoll sergeant (D:10)
  4 scorpions
  2 wyvern zombies (D:9)
  8 wights
  4 killer bees (D:9)
  2 centaur zombies (D:9)
  3 hounds
  A jelly (D:8)
  6 orc priests
  2 sleepcaps
  3 iguanas (D:5)
  9 orc wizards
  A mummy (Ossuary)
  A howler monkey zombie (D:9)
  Robin (D:4)
  4 gnolls
  11 adders
  2 shadow imps
  A white imp (D:6)
  2 worms
  7 dart slugs
  37 orcs
  A spectral bat (Ossuary)
  7 ball pythons
  4 endoplasms
  3 giant cockroaches
  12 gnoll zombies (Ossuary)
  17 goblins
  9 hobgoblins
  4 jackals
  11 kobolds
  A quokka (D:1)
  3 bats
  3 bat simulacra (Ossuary)
  2 frilled lizards
  5 goblin simulacra (Ossuary)
  4 goblin zombies (Ossuary)
  5 hobgoblin zombies (Ossuary)
  3 kobold simulacra (Ossuary)
  5 kobold zombies (Ossuary)
  4 orc zombies (Ossuary)
  6 rats
  2 rat simulacra (Ossuary)
  3 spectral goblins (Ossuary)
  2 spectral kobolds (Ossuary)
  3 spectral rats (Ossuary)
282 creatures vanquished.

Notes
Turn   | Place    | Note
-------+----------+-------------------------------------------
     0 | D:1      | Dittersdorf the Gargoyle Fighter began the quest for the
                  | Orb.
     0 | D:1      | Reached XP level 1. HP: 14/14 MP: 1/1
    82 | D:1      | Reached XP level 2. HP: 19/19 MP: 2/2
   288 | D:1      | Reached XP level 3. HP: 13/23 MP: 3/3
  1079 | D:2      | Found a hide-covered altar of Uskayaw.
  1590 | D:2      | Reached XP level 4. HP: 18/29 MP: 4/4
  1884 | D:3      | Found a burning altar of Makhleb.
  1934 | D:3      | You fall into a shaft and drop 1 floor!
  1994 | D:4      | Reached XP level 5. HP: 33/33 MP: 5/5
  2234 | D:3      | Found a bloodstained altar of Trog.
  2246 | D:3      | Found a sparkling altar of Nemelex Xobeh.
  2442 | D:3      | Found an opulent altar of Gozag.
  2884 | D:3      | Reached XP level 6. HP: 13/39 MP: 6/6
  3006 | D:4      | Noticed Robin
  3145 | D:4      | Killed Robin
  3862 | D:4      | Found a shadowy altar of Dithmenos.
  4034 | D:5      | Entered Level 5 of the Dungeon
  4050 | D:5      | Reached skill level 5 in Fighting
  4050 | D:5      | Reached skill level 5 in Armour
  4050 | D:5      | Reached skill level 5 in Shields
  4088 | D:5      | Reached XP level 7. HP: 36/44 MP: 7/7
  4170 | D:5      | Found a shimmering altar of Xom.
  4584 | D:5      | Found a staircase to the Ecumenical Temple.
  4592 | Temple   | Entered the Ecumenical Temple
  4601 | Temple   | Became a worshipper of the Shining One
  5077 | D:5      | Found a shimmering blue altar of Sif Muna.
  5161 | D:5      | Found a runed translucent door.
  5165 | D:5      | Noticed bmack86's ghost (novice MiFi)
  5180 | D:5      | Reached XP level 8. HP: 38/51 MP: 8/8
  5575 | D:5      | Found a runed translucent door.
  5695 | D:6      | Reached skill level 5 in Maces & Flails
  5725 | D:6      | Found Xyoguicwe's Book Boutique.
  6315 | D:6      | Reached XP level 9. HP: 49/56 MP: 9/9
  7112 | D:7      | Reached * piety under the Shining One
  7621 | D:7      | Reached XP level 10. HP: 64/64 MP: 10/10
  7635 | D:7      | Identified the +8 chain mail of the Quahog {Rampage rPois}
  7692 | D:7      | Noticed Maggie
  7712 | D:7      | Killed Maggie
  8081 | D:8      | Noticed Erica
  8084 | D:8      | Found a sand-covered staircase.
  8089 | Ossuary  | Entered an ossuary
  8102 | Ossuary  | Reached ** piety under the Shining One
  8162 | Ossuary  | Reached *** piety under the Shining One
  8251 | Ossuary  | Identified a scroll of acquirement
  8252 | Ossuary  | Acquired 975 gold pieces
  8261 | Ossuary  | Reached **** piety under the Shining One
  8446 | D:8      | Killed Erica
  8450 | D:8      | Reached ***** piety under the Shining One
  8505 | D:8      | Found an ancient bone altar of Kikubaaqudgha.
  8510 | D:8      | Found Betozuid's Assorted Antiques.
  8516 | D:8      | Bought a pair of glowing boots for 157 gold pieces
  8527 | D:8      | Bought a knobbly steel ring for 105 gold pieces
  8609 | D:8      | Noticed Jeremiah
  8641 | D:8      | Killed Jeremiah
  8679 | D:8      | Noticed Grum
  8687 | D:8      | Killed Grum
  9096 | D:9      | Found Dinlud's Antique Armour Shoppe.
  9129 | D:9      | Identified the +0 plate armour "Wuduttoxol" {-Cast Fly
                  | Stlth+}
  9168 | D:9      | Found Yrimeog's Jewellery Shoppe.
  9239 | D:9      | Found Loutueg's Assorted Antiques.
  9311 | D:9      | Found an iron altar of Okawaru.
  9320 | D:9      | Found a basalt altar of Yredelemnul.
  9454 | D:9      | Found Omemp's Book Shop.
  9459 | D:9      | Found a staircase to the Orcish Mines.
  9523 | D:9      | Found a white marble altar of Elyvilon.
  9559 | D:9      | Reached XP level 11. HP: 69/71 MP: 11/11
  9616 | D:9      | Found Puamyd's General Store.
  9765 | D:10     | Entered Level 10 of the Dungeon
  9823 | D:10     | Found a staircase to the Lair.
 10044 | D:10     | Noticed a catoblepas
 10265 | D:9      | Killed a catoblepas
 10266 | D:9      | Reached skill level 10 in Fighting
 10266 | D:9      | Reached skill level 10 in Armour
 10266 | D:9      | Reached skill level 10 in Shields
 11201 | D:10     | Found a staircase to the Lair.
 11683 | Lair:1   | Entered Level 1 of the Lair of Beasts
 11683 | Lair:1   | Found the +7 Kryia's mail coat {PotionHeal*2 rC+}
 11789 | Lair:1   | Noticed Urug
 11789 | Lair:1   | Paralysed by Urug for 4 turns
 11800 | Lair:1   | Paralysed by Urug for 2 turns
 11805 | Lair:1   | Paralysed by Urug for 3 turns
 11818 | Lair:1   | HP: 3/72 [Urug/+1 scimitar of distortion (4)]
 11818 | Lair:1   | Demolished by Urug

Illustrated notes

Levels and vault maps discovered:
D:1:      ncdulo_halloftheorcs, layout_basic
D:2:      layout_basic, basic_altar
D:3:      layout_basic, nicolae_gozag_cash_rules_everything_around_me,
          lightli_temple_of_fire, jmf_multi_god_temple, grunt_ministairs_14,
          st_stairs_5, kennysheep_generic_room_7
D:4:      layout_layer_cave, grunt_dithmenos_smoke, grunt_ministairs_7,
          guppyfry_early_lair_pool, uniq_robin
D:5:      layout_loops_corners, mainiacjoe_overflow_concentric_impassable,
          mainiacjoe_overflow_cross_hatched, temple_statues,
          ebering_ghost_sewer_f
D:6:      layout_layer_cave, serial_shops, nicolae_shop_window_shopping
D:7:      layout_cave_pools, uniq_maggie
D:8:      layout_basic, amcnicky_altar_gilded, enter_ossuary_5, serial_shops,
          nicolae_shop_rolling_square, uniq_grum, uniq_jeremiah, uniq_erica
D:9:      layout_big_octagon, nicolae_overflow_hidden_temple,
          pf_just_have_faith, orc_0_dummy, serial_undead, serial_undead_f,
          serial_undead_a, serial_undead_a, serial_undead_f, serial_shops,
          nicolae_shop_trees, shop, nicolae_shop_back_alley_shop,
          nicolae_shop_tiny_real_fake_doors, shop
D:10:     layout_small_grid, lair_entry_dummy
Temple:   hellmonk_temple_of_storms
Lair:1:   layout_layer_cave, grunt_megastairs_2, uniq_urug

Skill      XL: |  1  2  3  4  5  6  7  8  9 10 11 |
---------------+----------------------------------+-----
Fighting       | 4 5 6 8 9 10 | 10.2
Armour         | 4 5 6 8 9 10 | 10.3
Shields        | 4 5 6 8 9 10 | 10.3
Maces & Flails | 3 4 5 7 8 9 |  9.1

Action                     |  1- 3 |  4- 6 |  7- 9 | 10-12 || total
---------------------------+-------+-------+-------+-------++-------
  Melee: Flail             |   117 |   233 |   362 |    17 ||   729
         Morningstar       |       |       |       |   228 ||   228
  Throw: Dart              |       |     1 |       |     9 ||    10
 Invoke: Divine Shield     |       |       |       |     4 ||     4
    Use: Scroll            |       |       |       |    20 ||    20
 Armour: Scale mail        |   103 |   117 |       |     9 ||   229
         Chain mail        |       |    49 |   273 |   179 ||   501
  Dodge: Dodged            |    77 |   125 |   248 |   233 ||   683
  Block: Buckler           |    34 |    57 |   118 |   104 ||   313

Table legend: (Time is in decaauts)
 A = Elapsed time spent in this place.
 B = Non-inter-level travel time spent in this place.
 C = Inter-level travel time spent in this place.
 D = Time resting spent in this place.
 E = Time spent auto-exploring this place.
 F = Levels seen in this place.
 G = Mean time per level.
                   A        B        C        D        E       F      G
               +--------+--------+--------+--------+--------+-----+--------+
         Total |  12135 |  11662 |    473 |   1828 |   7425 |  13 |  933.5 |
       Dungeon |  11575 |  11119 |    456 |   1778 |   7219 |  10 | 1157.5 |
        Temple |     18 |      2 |     16 |      0 |      0 |   1 |   18.0 |
          Lair |    143 |    143 |      0 |     50 |     16 |   1 |  143.0 |
       Ossuary |    396 |    396 |      0 |      0 |    190 |   1 |  396.0 |
               +--------+--------+--------+--------+--------+-----+--------+

Top non-repeatable levels by time:
     D:5: 1627 daAuts
     D:6: 1596 daAuts
    D:10: 1572 daAuts
     D:3: 1304 daAuts
     D:2: 1163 daAuts
     D:9: 1076 daAuts
     D:4: 1041 daAuts
     D:7: 818 daAuts
     D:8: 719 daAuts
     D:1: 655 daAuts
 Ossuary: 396 daAuts
  Lair:1: 143 daAuts
  Temple: 18 daAuts
